 Dungeon Crawl Stone Soup version 0.31-a0-175-g9f7f995f2b (webtiles) character file.

Game seed: 7785904286663677478

436 qw the Shooter (level 7, -14/64 HPs)
             Began as a Naga Hunter on June 17, 2023.
             Demolished by a two-headed ogre
             ... wielding a +0 giant club
              (26 damage)
             ... on level 5 of the Dungeon.
             The game lasted 00:01:12 (3567 turns).

qw the Shooter (Naga Hunter)                        Turns: 3567, Time: 00:01:12

Health: -14/64     AC:  5    Str: 18    XL:     7   Next: 1%
Magic:  7/7        EV:  9    Int:  8    God:
Gold:   144        SH:  0    Dex: 15    Spells: 6/6 levels left

rFire   + . .        Y - +0 shortbow (heavy)
rCold   + . .        (shield currently unavailable)
rNeg    . . .        c - +0 leather armour
rPois   +            (no helmet)
rElec   .            h - scarf {rC+ rF+}
rCorr   .            (no gloves)
SInv    +            (no barding)
Will    +....        (no amulet)
Stlth   ++           (no ring)
HPRegen 0.30/turn    (no ring)
MPRegen 0.10/turn

%: no passive effects
@: short of breath, enlightened, flying (expiring), unable to drink, very slow
A: AC +2, large, see invisible, deformed body, poison resistance, slowness 2,
spit poison 1, naga tail 1, iridescent scales 1, strong 1, inability to drink
after injury 1
a: Spit Poison


You were on level 5 of the Dungeon.
You visited 1 branch of the dungeon, and saw 5 of its levels.

You collected 144 gold pieces.


Innate Abilities, Weirdness & Mutations

Your serpentine skin is tough. (AC +2)
You have supernaturally acute eyesight. (SInv)
Armour fits poorly on your strangely shaped body.
Your system is resistant to poisons. (rPois)
You cover ground very slowly.
You can spit poison.
You have a snake-like lower body.
You are partially covered in iridescent scales. (AC +2)
Your muscles are strong. (Str +4, Int/Dex -1)
You occasionally lose the ability to drink potions when taking damage.


   Skills:
 - Level 4.0 Fighting
 + Level 6.6 Ranged Weapons
 - Level 1.5 Dodging
 - Level 1.5 Stealth


You had 6 spell levels left.
You didn't know any spells.
Your spell library was empty.

Inventory:

Hand Weapons
 Y - a +0 heavy shortbow (weapon)
Armour
 c - a +0 leather armour (worn)
 h - a scarf of resistance (worn)
Potions
 a - a potion of enlightenment
 d - a potion of berserk rage {unknown}
 i - a potion of might
 j - 2 potions of curing
 k - a potion of heal wounds {unknown}
 l - a potion of resistance {unknown}

Dungeon Overview and Level Annotations

Branches:
Dungeon (5/15)
 Temple: D:4-7

Altars:
Fedhas
Qazlal
Yredelemnul
Zin


Message History

Done exploring.
(D) Dungeon
Where to? (* - list waypoints, Enter - D:4, ? - help)
What level of the Dungeon? (default 1, ? - help)
There is a stone staircase leading down here.
You fly downwards.
There is a stone staircase leading up here.
Waypoint 4 assigned to D:5.
Found a scroll of fear.
A two-headed ogre comes into view.
It is wielding a +0 giant club and a +0 dire flail.
3563 ||| INVOKING Spit Poison.
Aiming: Spit Poison (1% risk of failure)
Press: ? - help, Shift-Dir - straight line, f - two-headed ogre The splash of poison hits the two-headed ogre.
The two-headed ogre is poisoned.
The two-headed ogre is lightly wounded.
The two-headed ogre shouts in stereo!
You are starting to lose your buoyancy.
You hear a shout!
You shoot an arrow. The arrow hits the two-headed ogre.
The two-headed ogre is lightly wounded.
An ufetubus comes into view.
The two-headed ogre hits you with a +0 giant club!!
The two-headed ogre hits you with a +0 dire flail!
You feel threatened and lose the ability to drink potions!
You shoot an arrow. The arrow hits the two-headed ogre.
The two-headed ogre is lightly wounded.
You have got your breath back.
The two-headed ogre barely misses you.
The two-headed ogre hits you with a +0 dire flail!
3566 ||| INVOKING Spit Poison.
Aiming: Spit Poison (1% risk of failure)
Press: ? - help, Shift-Dir - straight line, f/p - two-headed ogre The splash of poison hits the two-headed ogre!
The two-headed ogre looks even sicker.
The two-headed ogre is moderately wounded.
You shoot an arrow. The arrow hits the two-headed ogre.
The two-headed ogre is moderately wounded.
The two-headed ogre hits you with a +0 giant club!!
You die...

# ####.#.##
#.O5.....
#@# #.# #.#
#.# #.# #.#
#.#
#.#######.#.
#...<.......


You could see a two-headed ogre (very poisoned) and an ufetubus.

Vanquished Creatures
  A sky beast (D:3)
  A phantom (D:4)
  2 hounds (D:4)
  An iguana (D:4)
  2 scorpion zombies (D:4)
  4 adders
  An adder zombie (D:4)
  4 dart slugs
  3 worms
  3 orcs (D:4)
  7 ball pythons
  5 endoplasms
  4 giant cockroaches
  13 goblins
  2 hobgoblins (D:1)
  3 jackals (D:2)
  5 quokkas
  4 bats
  5 frilled lizards
  8 kobolds
  A quokka zombie (D:4)
  7 rats
86 creatures vanquished.

Notes
Turn   | Place    | Note
-------+----------+-------------------------------------------
     0 | D:1      | qw the Naga Hunter began the quest for the Orb.
     0 | D:1      | Reached XP level 1. HP: 19/19 MP: 1/1
     0 | D:1      | 0 ||| qw: Version: 0.3-a-2-g5ab2908
     0 | D:1      | 0 ||| qw: Game counter: 365
     0 | D:1      | 0 ||| qw: Always use a shield: true
     0 | D:1      | 0 ||| qw: God list: Okawaru
     0 | D:1      | 0 ||| qw: Allow faded altars: false
     0 | D:1      | 0 ||| qw: Do Orc after D:15 true
     0 | D:1      | 0 ||| qw: Do second Lair branch before Depths: true
     0 | D:1      | 0 ||| qw: Lair rune preference: random
     0 | D:1      | 0 ||| qw: Plans: Normal
     0 | D:1      | 0 ||| PLANNING D:1-11
    53 | D:1      | 53 ||| INVOKING Spit Poison.
    56 | D:1      | 56 ||| INVOKING Spit Poison.
    59 | D:1      | HP: 4/16 [giant cockroach (2)]
    60 | D:1      | 60 ||| INVOKING Spit Poison.
    64 | D:1      | HP: 1/16 [giant cockroach (2)]
    65 | D:1      | 65 ||| INVOKING Spit Poison.
   166 | D:1      | 166 ||| INVOKING Spit Poison.
   175 | D:1      | Reached skill level 4 in Ranged Weapons
   175 | D:1      | Reached XP level 2. HP: 23/25 MP: 2/2
   189 | D:1      | 189 ||| INVOKING Spit Poison.
   204 | D:1      | 204 ||| INVOKING Spit Poison.
   360 | D:1      | 360 ||| INVOKING Spit Poison.
   365 | D:1      | 365 ||| INVOKING Spit Poison.
   422 | D:1      | 422 ||| INVOKING Spit Poison.
   433 | D:1      | 433 ||| INVOKING Spit Poison.
   444 | D:1      | 444 ||| INVOKING Spit Poison.
   508 | D:1      | 508 ||| INVOKING Spit Poison.
   515 | D:1      | 515 ||| INVOKING Spit Poison.
   516 | D:1      | Reached XP level 3. HP: 32/32 MP: 3/3
   559 | D:1      | 559 ||| INVOKING Spit Poison.
   635 | D:1      | 635 ||| INVOKING Spit Poison.
   640 | D:1      | 640 ||| INVOKING Spit Poison.
   655 | D:1      | 655 ||| INVOKING Spit Poison.
   676 | D:1      | 676 ||| READING scroll labelled GIFU XENUO.
   677 | D:1      | 677 ||| READING 3 scrolls labelled YRRU YG GALU.
   678 | D:1      | 678 ||| READING scroll labelled OTZUZX SIUWN.
   679 | D:1      | 679 ||| READING scroll labelled NOR KE BARILUWO.
   680 | D:1      | 680 ||| DRINKING 2 metallic inky potions.
   681 | D:1      | 681 ||| DROPPING scroll of butterflies.
   682 | D:1      | 682 ||| DROPPING 2 scrolls of blinking.
   726 | D:2      | 726 ||| INVOKING Spit Poison.
   732 | D:2      | 732 ||| INVOKING Spit Poison.
   736 | D:2      | 736 ||| INVOKING Spit Poison.
   793 | D:2      | 793 ||| INVOKING Spit Poison.
   831 | D:2      | 831 ||| INVOKING Spit Poison.
   890 | D:2      | 890 ||| INVOKING Spit Poison.
   928 | D:2      | Found a faded altar of an unknown god.
  1037 | D:2      | 1037 ||| INVOKING Spit Poison.
  1073 | D:2      | 1073 ||| INVOKING Spit Poison.
  1080 | D:2      | 1080 ||| INVOKING Spit Poison.
  1237 | D:2      | 1237 ||| INVOKING Spit Poison.
  1238 | D:2      | 1238 ||| INVOKING Spit Poison.
  1242 | D:2      | Reached skill level 5 in Ranged Weapons
  1242 | D:2      | Reached XP level 4. HP: 39/39 MP: 4/4
  1251 | D:2      | 1251 ||| INVOKING Spit Poison.
  1255 | D:2      | 1255 ||| INVOKING Spit Poison.
  1309 | D:2      | 1309 ||| READING scroll labelled ZEMEEJ TOBLE.
  1310 | D:2      | 1310 ||| READING scroll labelled URCHIK XEDY.
  1460 | D:3      | 1460 ||| INVOKING Spit Poison.
  1480 | D:3      | Found a blossoming altar of Fedhas.
  1522 | D:3      | 1522 ||| INVOKING Spit Poison.
  1528 | D:3      | 1528 ||| INVOKING Spit Poison.
  1600 | D:3      | 1600 ||| INVOKING Spit Poison.
  1603 | D:3      | 1603 ||| INVOKING Spit Poison.
  1637 | D:3      | 1637 ||| INVOKING Spit Poison.
  1830 | D:3      | Found a glowing silver altar of Zin.
  1857 | D:3      | 1857 ||| INVOKING Spit Poison.
  1860 | D:3      | Found a stormy altar of Qazlal.
  1860 | D:3      | Noticed a sky beast
  1863 | D:3      | 1863 ||| INVOKING Spit Poison.
  1866 | D:3      | 1866 ||| INVOKING Spit Poison.
  1868 | D:3      | Killed a sky beast
  1869 | D:3      | Reached XP level 5. HP: 42/50 MP: 5/5
  2000 | D:3      | 2000 ||| INVOKING Spit Poison.
  2270 | D:3      | 2270 ||| READING scroll labelled LICET KYOL.
  2271 | D:3      | 2271 ||| READING 2 scrolls labelled CAUPTA FOCURPH.
  2272 | D:3      | 2272 ||| DRINKING 2 sedimented emerald potions.
  2273 | D:3      | 2273 ||| DROPPING scroll of revelation.
  2307 | D:4      | 2307 ||| INVOKING Spit Poison.
  2319 | D:4      | 2319 ||| INVOKING Spit Poison.
  2327 | D:4      | 2327 ||| INVOKING Spit Poison.
  2330 | D:4      | 2330 ||| INVOKING Spit Poison.
  2352 | D:4      | HP: 11/50 [scorpion zombie (3)]
  2357 | D:4      | HP: 3/50 [scorpion zombie (3)]
  2359 | D:4      | HP: 1/50 [scorpion zombie (3)]
  2362 | D:4      | Reached XP level 6. HP: 2/57 MP: 6/6
  2563 | D:4      | 2563 ||| INVOKING Spit Poison.
  2566 | D:4      | Found a basalt altar of Yredelemnul.
  2677 | D:4      | 2677 ||| INVOKING Spit Poison.
  2682 | D:4      | 2682 ||| INVOKING Spit Poison.
  2709 | D:4      | 2709 ||| INVOKING Spit Poison.
  2760 | D:4      | 2760 ||| INVOKING Spit Poison.
  2769 | D:4      | 2769 ||| INVOKING Spit Poison.
  2820 | D:4      | 2820 ||| INVOKING Spit Poison.
  2824 | D:4      | 2824 ||| INVOKING Spit Poison.
  2850 | D:4      | 2850 ||| INVOKING Spit Poison.
  2856 | D:4      | Reached skill level 6 in Ranged Weapons
  2935 | D:4      | 2935 ||| INVOKING Spit Poison.
  3045 | D:4      | 3045 ||| INVOKING Spit Poison.
  3052 | D:4      | 3052 ||| INVOKING Spit Poison.
  3098 | D:4      | 3098 ||| INVOKING Spit Poison.
  3112 | D:4      | Reached XP level 7. HP: 23/64 MP: 7/7
  3266 | D:4      | 3266 ||| INVOKING Spit Poison.
  3530 | D:4      | 3530 ||| UPGRADING to scarf of resistance.
  3535 | D:4      | 3535 ||| READING scroll labelled ODYFAE JUFOF.
  3540 | D:4      | 3540 ||| READING scroll labelled NAQYUG IJATO.
  3541 | D:4      | 3541 ||| READING scroll labelled ZITHIES URRIFF.
  3542 | D:4      | 3542 ||| DRINKING 2 blue potions.
  3543 | D:4      | 3543 ||| DRINKING 2 ruby potions.
  3543 | D:4      | Gained mutation: You are weak. (Str -2) [potion of
                  | mutation]
  3543 | D:4      | Gained mutation: You occasionally lose the ability to drink
                  | potions when taking damage. [potion of mutation]
  3544 | D:4      | 3544 ||| DRINKING potion of mutation.
  3544 | D:4      | Lost mutation: You are weak. (Str -2) [potion of mutation]
  3544 | D:4      | Lost mutation: You occasionally lose the ability to drink
                  | potions when taking damage. [potion of mutation]
  3544 | D:4      | Gained mutation: You are partially covered in iridescent
                  | scales. (AC +2) [potion of mutation]
  3544 | D:4      | Gained mutation: You occasionally lose the ability to drink
                  | potions when taking damage. [potion of mutation]
  3544 | D:4      | Gained mutation: Your muscles are strong. (Str +4, Int/Dex
                  | -1) [potion of mutation]
  3551 | D:5      | Entered Level 5 of the Dungeon
  3562 | D:5      | Noticed a two-headed ogre
  3563 | D:5      | 3563 ||| INVOKING Spit Poison.
  3565 | D:5      | HP: 11/64 [two-headed ogre/+0 giant club (14)]
  3566 | D:5      | 3566 ||| INVOKING Spit Poison.
  3567 | D:5      | Demolished by a two-headed ogre

Levels and vault maps discovered:
D:1:      amcnicky_arrival_double_pillar, layout_loops_cross
D:2:      layout_loops_ring, hellmonk_ecumenical_altar_slurped_away
D:3:      layout_basic, lemuel_crystal_altar, fedhas_altar_3,
          nicolae_qazlal_beasts_of_the_sky, minmay_misc_feat_pillars
D:4:      layout_basic, nicolae_yredelemnul_corpse_copse
D:5:      layout_loops_ring, serial_shops, kennysheep_little_box

Skill      XL: |  1  2  3  4  5  6 |
---------------+-------------------+-----
Ranged Weapons | 4 5 6 |  6.6
Fighting       | 4 |  4.0
Dodging        | |  1.5
Stealth        | |  1.5

Action                     |  1- 3 |  4- 6 |  7- 9 || total
---------------------------+-------+-------+-------++-------
   Fire: Shortbow          |    66 |   111 |    13 ||   190
Ability: Spit Poison       |    28 |    29 |     3 ||    60
    Use: Scroll            |     4 |     4 |     3 ||    11
         Potion            |     1 |     1 |     3 ||     5
 Armour: Leather armour    |     7 |    17 |       ||    24
  Dodge: Dodged            |    14 |    33 |     1 ||    48

Table legend:
 A = Non-vault XP
 B = Vault XP
 C = Vault XP percentage of total XP
 D = Non-vault monster count
 E = Vault monster count
 F = Vault count percentage of total count
                 A         B        C        D         E       F
            +---------+---------+-------+---------+---------+-------
      Total |     417 |     207 |  33.2 |      80 |       6 |   7.0
            +---------+---------+-------+---------+---------+-------
        D:1 |      44 |       0 |   0.0 |      23 |       0 |   0.0
        D:2 |      58 |       2 |   3.3 |      20 |       1 |   4.8
        D:3 |      25 |     129 |  83.8 |      16 |       1 |   5.9
        D:4 |     290 |      76 |  20.8 |      21 |       4 |  16.0
            +---------+---------+-------+---------+---------+-------
